 Dungeon Crawl Stone Soup version 0.30-a0-465-g8901f6c8b5 (webtiles) character file.

Game seed: 8513229310788229615

5510 greenreed the Geomancer (level 10, 0/51 HPs)
             Began as a Gargoyle Earth Elementalist on Dec 18, 2022.
             Was a Believer of Vehumet.
             Slain by an orc warrior
             ... wielding a +0 long sword
              (13 damage)
             ... on level 9 of the Dungeon.
             The game lasted 00:17:25 (8051 turns).

greenreed the Geomancer (GrEE)                      Turns: 8051, Time: 00:17:26

Health: 0/51       AC: 11    Str: 11    XL:     10   Next: 70%
Magic:  20/24      EV: 12    Int: 25    God:    Vehumet [**....]
Gold:   510        SH:  0    Dex: 10    Spells: 28/29 levels left

rFire   + . .      SeeInvis .    q - staff of conjuration
rCold   . . .      Faith    .    (no shield)
rNeg    + . .      Spirit   .    a - +0 robe
rPois   ∞          Reflect  .    h - +0 helmet
rElec   +          Harm     .    j - scarf {repulsion}
rCorr   .          Rampage  .    e - +0 pair of gloves
Will    .....                    (no boots)
Stlth   ++........               (no amulet)
HPRegen 0.28/turn                n - ring "Haamam" {rPois Int+4}
MPRegen 0.19/turn                J - ring of protection from fire

@: studying Poison Magic, repel missiles
A: sickness immunity, AC +7, negative energy resistance 1, electricity
resistance, torment resistance 1, petrification resistance
a: Renounce Religion


You were on level 9 of the Dungeon.
You worshipped Vehumet.
Vehumet was pleased with you.
You visited 1 branch of the dungeon, and saw 9 of its levels.
You also visited: Sewer.

You collected 510 gold pieces.

Inventory:

Missiles
 d - 16 poisoned darts
Armour
 a - a +0 robe (worn)
 e - a +0 pair of gloves (worn)
 h - a +0 helmet (worn)
 j - a scarf of repulsion (worn)
Magical Staves
 q - a staff of conjuration (weapon)
Jewellery
 l - a ring of fire
 n - the ring "Haamam" (left hand) {rPois Int+4}
   (You found it on level 3 of the Dungeon)

   [ring of poison resistance]

   Int:       It affects your intelligence (+4).
   rPois:     It protects you from poison.
 J - a ring of protection from fire (right hand)
Wands
 o - a wand of flame (41)
 w - a wand of polymorph (6)
 y - a wand of charming (13)
 D - a wand of iceblast (10)
Scrolls
 c - 10 scrolls of identify {unknown}
 f - 4 scrolls of teleportation {unknown}
 m - a scroll of amnesia {unknown}
 r - 3 scrolls of fear {unknown}
 t - a scroll of immolation {unknown}
 u - a scroll of fog {unknown}
 v - a scroll of noise {unknown}
 x - 2 scrolls of brand weapon {unknown}
 z - a scroll of torment {unknown}
 B - a scroll of magic mapping {unknown}
 E - a scroll of poison {unknown}
 F - 4 scrolls of enchant weapon {unknown}
 H - a scroll of vulnerability {unknown}
Potions
 b - 3 potions of magic
 g - 7 potions of might {unknown}
 i - 4 potions of cancellation {unknown}
 k - 3 potions of haste {unknown}
 p - 5 potions of curing
 s - 3 potions of mutation {unknown}
 A - 3 potions of heal wounds {unknown}
 C - a potion of berserk rage {unknown}
 G - a potion of lignification {unknown}
 I - a potion of degeneration {unknown}


   Skills:
 + Level 0.6 Fighting
 + Level 3.0 Dodging
 + Level 3.1 Stealth
 + Level 0.9 Unarmed Combat
 * Level 10.1 Spellcasting
 * Level 4.7 Conjurations
 + Level 0.7 Transmutations
 * Level 11.9 Earth Magic


You had 28 spell levels left.
You knew the following spells:

 Your Spells              Type           Power      Damage    Failure   Level
a - Sandblast             Erth           100%       2d20      1%          1

Your spell library contained the following spells:

 Spells                   Type           Power      Damage    Failure   Level
 Momentum Strike          Conj/Tloc      72%        3d10      2%          2
 Passwall                 Tmut/Erth      36%        N/A       1%          2
 Stone Arrow              Conj/Erth      100%       3d13      1%          3
 Petrify                  Tmut/Erth      44%        N/A       3%          4
 Slow                     Hex            48%        N/A       4%          1
 Summon Small Mammal      Summ           48%        N/A       4%          1
 Confusing Touch          Hex            12%        N/A       14%         3
 Tukima's Dance           Hex            12%        N/A       14%         3
 Vampiric Draining        Necr           12%        2d6       14%         3
 Passage of Golubria      Tloc           12%        N/A       43%         4
 Yara's Violent Unravell  Hex/Tmut       7%         3d5       75%         5
 Summon Cactus Giant      Summ           6%         N/A       100%        6
 Spellforged Servitor     Conj/Summ      18%        N/A       100%        7


Dungeon Overview and Level Annotations

Branches:
Dungeon (9/15)             Temple (0/1) D:6           Sewer (visited)
   Lair: D:8-11         Orc: D:9-12

Altars:
Ashenzari
Dithmenos
Elyvilon
Gozag
Hepliaklqana
Nemelex Xobeh
Okawaru
Uskayaw
Vehumet
Wu Jian

Annotations:
D:5 1 runed translucent door, Crazy Yiuf


Innate Abilities, Weirdness & Mutations

You are immune to sickness and miasma.
Your stone body is resilient. (AC +7)
You are immune to poison.
You resist negative energy. (rN+)
You are resistant to electric shocks. (rElec)
You are resistant to unholy torment.
You are immune to petrification.


Message History

The yak attacks as you move away! The yak barely misses you.
The yak attacks as you move away! The yak gores you.
The yak attacks as you move away! The yak closely misses you.
The blast of sand hits the yak!!
You kill the yak!
Vehumet accepts your kill.
Your Spellcasting skill increases to level 10!
The blast of sand hits the yak but does no damage.
The yak gores you.
The blast of sand hits the yak!
The yak is heavily wounded.
The yak closely misses you. The yak misses you.
The blast of sand hits the yak!
The yak is severely wounded.
The yak barely misses you.
The blast of sand hits the yak!
You kill the yak!
Vehumet accepts your kill.
You feel your power returning.
The orc warrior hits you but does no damage.
The blast of sand hits the orc warrior!
The orc warrior is moderately wounded.
The orc warrior hits you with a +0 long sword!
The blast of sand misses the orc warrior.
The blast of sand hits the yak!!
The yak is almost dead.
The orc warrior hits you with a +0 long sword!
The orc warrior barely misses you.
The blast of sand hits the orc warrior.
The orc warrior is heavily wounded.
The orc warrior hits you with a +0 long sword.
The blast of sand misses the orc warrior.
The blast of sand hits the yak!!
You kill the yak!
Vehumet accepts your kill.
You feel your power returning.
The orc warrior hits you with a +0 long sword!
* * * LOW HITPOINT WARNING * * *
The orc warrior hits you with a +0 long sword!
You die...

###... #................#
...... ##+#...Y........#
......######.#............#
..........##.#.............
#.......##[#.............
###...............#####....
....)......#o####..... ...
######+###.#o# #..... #.#@#
#...... #.#.# ##......
#.#.###....... #.#........
#...# #.# ###.###.#######
#............
#####.######.# ##.#....#.#
#.


You could see 2 orc warriors.

Vanquished Creatures
  Pikel (D:4)
  Grinder (D:5)
  A wyvern (D:8)
  A wraith (D:8)
  4 humans (D:6)
  4 yaks
  A steam dragon (D:8)
  An acid dragon (D:9)
  4 water moccasins
  A black bear (D:7)
  2 orc warriors (D:8)
  3 ice beasts
  An ogre (D:6)
  4 centaurs
  A lemure (D:3)
  Blork the orc (D:5)
  2 bullfrogs (D:7)
  2 necrophages
  A gnoll sergeant (D:6)
  7 wights
  2 jellies
  9 killer bees
  3 electric eels (D:7)
  A hound (D:6)
  An orc priest (D:3)
  Jessica (D:3)
  An iguana (D:6)
  9 orc wizards
  Robin (D:3)
  5 gnolls (D:6)
  8 adders
  2 river rats (D:4)
  2 white imps
  An ufetubus (D:5)
  2 worms
  4 dart slugs
  24 orcs
  8 ball pythons
  3 endoplasms
  4 giant cockroaches
  19 goblins
  6 hobgoblins
  6 jackals
  2 kobolds
  4 quokkas
  3 bats (D:1)
  4 frilled lizards
  8 rats
186 creatures vanquished.

Vanquished Creatures (others)
  A plant (D:7)
1 creature vanquished.

Grand Total: 187 creatures vanquished

Notes
Turn   | Place    | Note
-------+----------+-------------------------------------------
     0 | D:1      | greenreed the Gargoyle Earth Elementalist began the quest
                  | for the Orb.
     0 | D:1      | Reached XP level 1. HP: 10/10 MP: 3/3
   199 | D:1      | Reached XP level 2. HP: 10/15 MP: 0/5
   693 | D:1      | Reached skill level 4 in Earth Magic
   710 | D:1      | Reached XP level 3. HP: 19/19 MP: 0/6
  1432 | D:2      | Reached XP level 4. HP: 24/24 MP: 5/7
  2215 | D:3      | Found a faded altar of an unknown god.
  2226 | D:3      | Noticed Jessica
  2228 | D:3      | Killed Jessica
  2229 | D:3      | Reached skill level 5 in Earth Magic
  2232 | D:3      | Noticed Robin
  2310 | D:3      | Killed Robin
  2312 | D:3      | Reached XP level 5. HP: 28/28 MP: 4/9
  2416 | D:3      | Got the Compilation of the Flock
  2536 | D:3      | Found a broken altar of Ashenzari.
  2536 | D:3      | Found a shadowy altar of Dithmenos.
  2768 | D:3      | Identified the ring "Haamam" {rPois Int+4}
  2975 | D:3      | Found a radiant altar of Vehumet.
  2984 | D:3      | Became a worshipper of Vehumet
  3065 | D:3      | Reached skill level 6 in Earth Magic
  3338 | D:4      | Found a white marble altar of Elyvilon.
  3445 | D:4      | Noticed a lemure
  3446 | D:4      | Noticed Pikel
  3446 | D:4      | Noticed a lemure
  3446 | D:4      | Noticed a lemure
  3446 | D:4      | Noticed a lemure
  3485 | D:3      | Killed a lemure
  3626 | D:3      | Reached XP level 6. HP: 32/32 MP: 8/11
  3662 | D:4      | Found a glowing drain.
  3714 | Sewer    | Entered a sewer
  3788 | Sewer    | Noticed a water moccasin
  3793 | Sewer    | Killed a water moccasin
  3987 | D:4      | Killed Pikel
  3988 | D:4      | Reached skill level 5 in Spellcasting
  3988 | D:4      | Reached skill level 8 in Earth Magic
  3988 | D:4      | Reached XP level 7. HP: 26/37 MP: 5/14
  4025 | D:4      | Reached XP level 8. HP: 41/42 MP: 7/15
  4429 | D:5      | Entered Level 5 of the Dungeon
  4445 | D:5      | Reached * piety under Vehumet
  4445 | D:5      | Offered knowledge of Magic Dart by Vehumet.
  4538 | D:5      | Noticed Blork the orc
  4541 | D:5      | Noticed Grinder
  4542 | D:5      | Killed Blork the orc
  4555 | D:5      | Killed Grinder
  4556 | D:5      | Reached skill level 1 in Conjurations
  4556 | D:5      | Reached skill level 9 in Earth Magic
  4707 | D:5      | Found a runed translucent door.
  4708 | D:5      | Noticed Crazy Yiuf
  4843 | D:5      | Found a hazy altar of Hepliaklqana.
  5221 | D:6      | Reached XP level 9. HP: 42/46 MP: 9/19
  5223 | D:6      | Reached skill level 10 in Earth Magic
  5913 | D:6      | Found an opulent altar of Gozag.
  5913 | D:6      | Found a sparkling altar of Nemelex Xobeh.
  5932 | D:6      | Found a hide-covered altar of Uskayaw.
  5934 | D:6      | Found an iron altar of Okawaru.
  5936 | D:6      | Found a faded altar of an unknown god.
  5986 | D:6      | Found a staircase to the Ecumenical Temple.
  6002 | D:6      | Found an ornate altar of the Wu Jian Council.
  6639 | D:7      | Reached ** piety under Vehumet
  6639 | D:7      | Offered knowledge of Momentum Strike by Vehumet.
  6640 | D:7      | Reached skill level 11 in Earth Magic
  6688 | D:7      | Identified the +0 ring mail of Kicwobur {rF+}
  6718 | D:7      | Reached XP level 10. HP: 51/51 MP: 22/22
  8044 | D:9      | Reached skill level 10 in Spellcasting
  8051 | D:9      | Slain by an orc warrior

Illustrated notes

Levels and vault maps discovered:
D:1:      psy_arrival_statuary, layout_basic, hangedman_abyss_or_decor_stabs,
          minmay_cut_off
D:2:      layout_basic
D:3:      layout_loops_ring, vehumet_altar_wand_db,
          gammafunk_temple_overflow_pools, nicolae_ecumenical_pavilion,
          serial_bayou_pond_d, minmay_vboxes, uniq_robin, uniq_jessica
D:4:      layout_gridville, elyvilon_altar_5, portal_sewer_entry_e, uniq_pikel
D:5:      layout_basic, kennysheep_mini_moat, uniq_grinder, uniq_blork_the_orc,
          uniq_crazy_yiuf_cottage
D:6:      layout_layer_cave, nicolae_wu_jian_immortal_techniques,
          chequers_temple_overflow_minitemple, minmay_temple_entry_glassed_door,
          minmay_ruffians
D:7:      layout_basic, chequers_big_river
D:8:      layout_cave_pools, minmay_between
D:9:      layout_basic, david_orc_3

Skill      XL: |  1  2  3  4  5  6  7  8  9 10 |
---------------+-------------------------------+-----
Earth Magic    | 4 5 6 8 9 11 | 11.9
Dodging        | 2 3 |  3.0
Spellcasting   | 3 5 6 8 10 | 10.1
Conjurations   | 2 3 4 |  4.7
Stealth        | 3 |  3.1
Fighting       | |  0.6
Unarmed Combat | |  0.9
Transmutations | |  0.7

Action                   |  1- 3 |  4- 6 |  7- 9 | 10-12 || total
-------------------------+-------+-------+-------+-------++-------
Melee: Unarmed           |    27 |     3 |       |       ||    30
       Staff             |       |       |       |     1 ||     1
 Cast: Sandblast         |    49 |    97 |   115 |    75 ||   336
Armor: Robe              |    14 |    13 |    28 |    19 ||    74
Dodge: Dodged            |    22 |    31 |    57 |    42 ||   152
       Repelled          |       |       |     1 |       ||     1

Table legend: (Time is in decaauts)
 A = Elapsed time spent in this place.
 B = Non-inter-level travel time spent in this place.
 C = Inter-level travel time spent in this place.
 D = Time resting spent in this place.
 E = Time spent auto-exploring this place.
 F = Levels seen in this place.
 G = Mean time per level.
                   A        B        C        D        E       F      G
               +--------+--------+--------+--------+--------+-----+--------+
         Total |   8241 |   7870 |    371 |    464 |   6170 |  10 |  824.1 |
       Dungeon |   8055 |   7684 |    371 |    464 |   6023 |   9 |  895.0 |
         Sewer |    186 |    186 |      0 |      0 |    147 |   1 |  186.0 |
               +--------+--------+--------+--------+--------+-----+--------+

Top non-repeatable levels by time:
     D:6: 1328 daAuts
     D:1: 1281 daAuts
     D:3: 1227 daAuts
     D:2: 1026 daAuts
     D:7: 888 daAuts
     D:4: 799 daAuts
     D:5: 756 daAuts
     D:8: 634 daAuts
   Sewer: 186 daAuts
     D:9: 113 daAuts
